 Dungeon Crawl Stone Soup version 0.26-a0-639-g72c4674329 (webtiles) character file.

Game seed: 7098377772828962548

77 Ijustatesigmund the Vandal (level 4, 0/30 HPs)
             Began as a Halfling Hunter on Sept 18, 2020.
             Slain by a goblin (3 damage)
             ... on level 2 of the Dungeon.
             The game lasted 00:03:20 (1134 turns).

Ijustatesigmund the Vandal (Halfling Hunter)        Turns: 1134, Time: 00:03:21

Health: 0/30       AC:  3    Str: 13    XL:     4   Next: 58%
Magic:  4/4        EV: 14    Int:  9    God:
Gold:   62         SH:  0    Dex: 15    Spells: 3/3 levels left

rFire    . . .     SeeInvis .   b - +0 short sword
rCold    . . .     Faith    .   (shield restricted)
rNeg     . . .     Spirit   .   c - +0 leather armour
rPois    .         Reflect  .   (no helmet)
rElec    .         Harm     .   (no cloak)
rCorr    .         Rampage  .   (no gloves)
MR       .....                  (no boots)
Stlth    ++........             (no amulet)
HPRegen  0.10/turn              (no ring)
MPRegen  0.09/turn              (no ring)

@: mighty, lethally poisoned (0 -> -5)
A: small, mutation resistance 1
a: no special abilities


You were on level 2 of the Dungeon.
You visited 1 branch of the dungeon, and saw 3 of its levels.

You collected 62 gold pieces.

Inventory:

Hand Weapons
 a - a +2 hunting sling
 b - a +0 short sword (weapon)
Missiles
 d - 31 sling bullets
 g - 56 stones (quivered)
Armour
 c - a +0 leather armour (worn)
Wands
 o - a wand of polymorph (9)
Scrolls
 e - a scroll of remove curse
 f - a scroll of identify
Potions
 i - a potion of might


   Skills:
 + Level 2.7 Fighting
 - Level 2.3 Short Blades
 + Level 6.8 Slings
 - Level 2.1 Dodging
 - Level 1.1 Stealth


You had 3 spell levels left.
You didn't know any spells.
Your spell library was empty.

Dungeon Overview and Level Annotations

Branches:
Dungeon (3/15)

Altars:


Innate Abilities, Weirdness & Mutations

You are small and have problems with some larger weapons.
You are somewhat resistant to further mutation.


Message History

The frilled lizard closely misses you. The goblin hits you.
The adder barely misses you.
You barely miss the adder. The frilled lizard bites you.
* * * LOW HITPOINT WARNING * * *
The adder closely misses you. The goblin barely misses you.
You barely miss the adder. The adder barely misses you.
The frilled lizard closely misses you. The goblin completely misses you.
You barely miss the adder. The adder completely misses you.
The frilled lizard closely misses you. The goblin barely misses you.
You barely miss the adder. The adder bites you.
* * * LOW HITPOINT WARNING * * *
You are lethally poisoned!
The adder poisons you! The frilled lizard barely misses you.
The goblin closely misses you. The adder closely misses you.
You puncture the adder!
The adder is almost dead.
* * * LOW HITPOINT WARNING * * *
You feel sick. The adder barely misses you.
The frilled lizard barely misses you. The goblin hits you.
You die...

# #............#.#........#......
###..............'...............
...............#.#.............##
.......#.........#............###
.......#......#..#...............
.......#......#..#........#......
.......#......#..#........#......
.......#.....##lg#........#......
.......#.....#.S@#........#......
.......#...###.############......
......(##...ยง#.# #......
.......#####.#.# ####### .......#
#.#.# ######## #...# ###.# ###


You could see an adder, a goblin and a frilled lizard.

Vanquished Creatures
  Jessica (D:2)
  A gnoll (D:1)
  An adder (D:2)
  A dart slug (D:2)
  A leopard gecko (D:2)
  3 orcs
  5 bats
  A giant cockroach (D:1)
  3 goblins (D:1)
  4 hobgoblins (D:1)
  3 frilled lizards
  2 kobolds
26 creatures vanquished.

Notes
Turn   | Place    | Note
-------+----------+-------------------------------------------
     0 | D:1      | Ijustatesigmund the Halfling Hunter began the quest for the
                  | Orb.
     0 | D:1      | Reached XP level 1. HP: 14/14 MP: 1/1
    36 | D:1      | Reached skill level 1 in Short Blades
    36 | D:1      | Reached skill level 6 in Slings
    36 | D:1      | Reached XP level 2. HP: 19/19 MP: 2/2
   151 | D:1      | Reached XP level 3. HP: 18/24 MP: 3/3
   691 | D:2      | Noticed Jessica
   695 | D:2      | Killed Jessica
   695 | D:2      | Reached XP level 4. HP: 30/30 MP: 4/4
  1134 | D:2      | Slain by a goblin

Illustrated notes

Levels and vault maps discovered:
D:1:      lightli_arrival_chessboard, layout_rooms, amethyst_killhole
D:2:      layout_basic, uniq_jessica
D:3:      layout_rooms, nicolae_overflow_crystal_walls, uniq_robin

Skill      XL: |  1  2  3 |
---------------+----------+-----
Fighting       | 2 |  2.7
Short Blades   | 1 2 |  2.3
Slings         | 6 |  6.8
Dodging        | |  2.1
Stealth        | |  1.1

Action                   |  1- 3 |  4- 6 || total
-------------------------+-------+-------++-------
Melee: Short sword       |       |    13 ||    13
 Fire: Hunting sling     |    46 |    39 ||    85
  Use: Scroll            |       |     9 ||     9
       Potion            |       |     5 ||     5
Armor: Leather armour    |       |    11 ||    11
Dodge: Dodged            |    11 |    60 ||    71

Table legend: (Time is in decaauts)
 A = Elapsed time spent in this place.
 B = Non-inter-level travel time spent in this place.
 C = Inter-level travel time spent in this place.
 D = Time resting spent in this place.
 E = Time spent auto-exploring this place.
 F = Levels seen in this place.
 G = Mean time per level.
                   A        B        C        D        E       F      G
               +--------+--------+--------+--------+--------+-----+--------+
         Total |   1127 |   1108 |     19 |      3 |    946 |   3 |  375.7 |
       Dungeon |   1127 |   1108 |     19 |      3 |    946 |   3 |  375.7 |
               +--------+--------+--------+--------+--------+-----+--------+

Top non-repeatable levels by time:
     D:2: 581 daAuts
     D:1: 532 daAuts
     D:3: 13 daAuts
